Map: Heavy Artillery LE

Players

Massa

  • Race: Terran Terran
  • League: Platinum

qqq

  • Race: Zerg Zerg

HawkCH - Winner!

  • Race: Protoss Protoss

SidyCH - Winner!

  • Race: Terran Terran

VOD

Have the link to the VOD?

Description

Time

  • Played on: April 13, 2021, 3:53 p.m.
  • Length: 22:31
Show
View Real Time Build Order
Export as new Build Order

Massa Terran 

Build Orders:  

Get SALT Encoding   

  12  0:00  SCV  
  13  0:12  SCV  
  14  0:24  SCV, Supply Depot  
  15  0:45  Refinery  
  15  0:46  SCV  
  15  0:48  Barracks  
  16  0:58  SCV  
  17  1:14  SCV  
  17  1:17  Barracks  
  18  1:26  SCV  
  19  1:39  SCV  
  20  1:44  Reaper  
  21  1:48  Supply Depot  
  21  1:56  Orbital Command  
  21  2:04  Reaper  
  22  2:16  Reaper  
  22  2:22  SCV  
  24  2:31  Command Center  
  24  2:36  Reaper  
  25  2:45  SCV  
  26  2:53  Refinery  
  26  2:57  SCV  
  25  3:31  Barracks Tech Lab  
  25  3:37  Barracks Reactor  
  25  3:38  Factory  
  25  3:39  SCV  
  26  3:42  Orbital Command  
  26  3:46  Engineering Bay  
  26  3:51  SCV  
  26  3:52  Command Center, Supply Depot  
  26  4:22  Terran Infantry Weapons Level 1  
  26  4:25  SCV x2, Missile Turret  
  28  4:32  Marine x2, Missile Turret  
  28  4:33  Marine  
  28  4:34  Stimpack  
  31  4:42  Factory Tech Lab  
  31  4:50  Marine x2  
  33  5:00  Marine  
  33  5:03  Siege Tank  
  37  5:07  Marine  
  37  5:19  Marauder  
  37  5:21  Missile Turret  
  39  5:23  SCV  
  39  5:24  SCV x2  
  39  5:26  Marine x2  
  44  5:35  Widow Mine, SCV  
  46  5:40  Marauder  
  49  5:44  Marine  
  49  5:45  Barracks x2  
  50  5:51  Barracks  
  50  5:54  Marine  
  51  6:02  Marauder, Marine  
  54  6:06  Starport  
  54  6:15  Combat Shield  
  54  6:21  Widow Mine  
  54  6:22  Marine x3  
  54  6:40  Marine x2  
  54  6:44  Medivac  
  54  6:46  Barracks Reactor, Barracks Tech Lab  
  58  6:47  Barracks Tech Lab  
  58  6:50  SCV x3  
  58  6:51  Missile Turret  
  58  6:54  Refinery  
  61  6:55  Refinery  
  61  7:01  Marine x3  
  62  7:02  SCV x2  
  62  7:04  Terran Infantry Armor Level 1  
  66  7:14  SCV  
  67  7:18  Marine  
  67  7:19  Marine  
  69  7:25  Supply Depot  
  69  7:26  Supply Depot x3  
  69  7:27  Starport Reactor  
  69  7:34  Concussive Shells  
  69  7:47  Marauder, Marine x3  
  69  7:48  Marauder, Marine x2  
  78  7:53  SCV x3  
  79  8:04  Marine x2  
  79  8:05  SCV x3, Marauder  
  85  8:09  Marauder x2  
  89  8:17  SCV  
  80  8:41  Marauder x3, Marine x4  
  84  8:50  Missile Turret  
  84  8:51  Armory  
  84  8:52  Viking, Missile Turret  
  84  8:53  Viking  
  84  8:54  Engineering Bay  
  88  9:00  Starport  
  88  9:02  Marauder  
  90  9:22  Viking x2  
  84  9:27  Marauder x3, Marine x4  
  83  9:45  Marine x4  
  71  9:46  Thor  
  71  9:48  Marauder x2, Marine  
  71  9:52  Viking x2  
  83  9:53  SCV x2  
  83  10:02  Marine  
  83  10:03  Marine x3  
  83  10:05  SCV x2  
  83  10:06  Marine  
  84  10:09  Marauder  
  82  10:25  Marauder x2, Marine  
  82  10:26  Marine x3  
  89  10:30  Marine  
  89  10:32  Terran Infantry Weapons Level 2, Ghost Academy  
  90  10:40  Orbital Command  
  90  10:43  Marine x4, Missile Turret  
  90  10:45  SCV x2  
  90  10:46  Marine  
  90  10:47  Marauder  
  90  10:49  Marauder  
  101  11:03  Supply Depot x2  
  101  11:04  Terran Infantry Armor Level 2  
  101  11:12  Missile Turret  
  101  11:17  Supply Depot  
  101  11:18  Supply Depot  
  101  11:24  SCV x3  
  101  11:25  Marauder, Enhanced Shockwaves, Thor  
  112  11:27  Ghost  
  112  11:28  Marine x2  
  112  11:29  Marine  
  117  11:34  Starport Tech Lab  
  117  11:39  SCV x3, Medivac  
  122  11:40  Medivac  
  124  11:51  SCV  
  106  12:19  Marine x2, Marauder, Ghost x2  
  106  12:20  Marine x2  
  115  12:33  Refinery  
  115  12:34  Refinery  
  115  12:37  Marine  
  115  12:40  Raven, Ghost  
  115  12:41  Marine  
  115  12:42  Marine x2  
  115  12:43  Command Center  
  123  12:47  Marine  
  123  12:48  Marine  
  123  12:50  Terran Vehicle And Ship Armor Level 1  
  125  12:55  Marine  
  126  12:59  Marine  
  126  13:00  Marine x2  
  129  13:07  SCV x2  
  129  13:08  SCV  
  132  13:19  SCV  
  133  13:30  Supply Depot  
  133  13:31  Supply Depot  
  133  13:47  Missile Turret  
  133  13:51  SCV x3  
  136  14:02  Marauder x3  
  142  14:03  Marine x4  
  142  14:05  Raven, Viking x2  
  152  14:20  Marine  
  152  14:21  Marine x3  
  152  14:23  Marauder x2, Marine  
  151  14:26  Planetary Fortress  
  151  14:29  Refinery x2  
  151  14:35  Viking  
  153  14:38  Marine x3  
  156  14:46  Terran Infantry Armor Level 3  
  121  15:37  Viking  
  121  15:38  Viking x2  
  121  15:39  Marine x7  
  121  15:41  Thor  
  140  15:57  Marine x7  
  131  16:07  Viking  
  131  16:08  Viking x2  
  137  16:14  Marine  
  137  16:15  Marine  
  136  16:24  Thor  
  74  16:35  Command Center  
  74  16:37  Viking  
  74  16:38  Viking x2  
  75  16:41  Marauder x3  
  75  16:42  Marine x4  
  75  16:45  Command Center  
  85  16:59  Marine x2  
  85  17:01  Ghost  
  85  17:02  Marauder x2  
  85  17:06  Thor  
  85  17:07  Viking  
  85  17:08  Medivac  
  101  17:20  Marine x4  
  101  17:21  Raven  
  107  17:22  Ghost  
  107  17:23  Ghost  
  111  17:30  Ghost  
  113  17:40  Smart Servos  
  113  17:49  Thor  
  110  17:52  Marauder  
  100  18:02  Marauder  
  91  18:10  SCV x2  
  57  18:25  Marine x5  
  54  18:28  SCV x2  
  56  18:40  Planetary Fortress  
  56  18:42  Planetary Fortress  
  56  18:49  Viking  
  54  18:59  Drilling Claws  
  53  19:10  Marine x7  
  58  19:27  Marine  
  58  19:28  Marine x3  
  58  19:29  Viking x2  
  61  19:52  Viking  
  61  19:59  Viking  
  63  20:08  Marine  
  63  20:09  Marine x5  
  63  20:23  Marine  
  62  20:41  Marine  
  63  20:55  SCV  
  64  20:58  Orbital Command  
  64  21:05  Raven  
  64  21:06  Viking  
  64  21:07  SCV, Marine, Viking  
  64  21:08  Marauder, Marine x2  
  64  21:09  Marauder  
  78  21:14  Marine  
  79  21:19  SCV  
  80  21:25  Marine  
  80  21:31  SCV  
  77  21:43  SCV  
  78  21:50  Marine x4  
Show
View Real Time Build Order
Export as new Build Order

qqq Zerg 

Build Orders: Hatch First, Lurkers 

Get SALT Encoding   

  12  0:02  Drone  
  13  0:09  Drone  
  14  0:18  Overlord  
  14  0:48  Hatchery  
  14  0:49  Drone  
  14  0:58  Drone x2  
  14  1:01  Drone  
  17  1:25  Drone x2, Extractor, Spawning Pool  
  17  1:35  Drone  
  18  1:52  Drone  
  19  1:56  Extractor  
  19  1:58  Drone  
  19  2:02  Drone  
  19  2:05  Drone  
  21  2:12  Drone  
  21  2:14  Queen x2  
  26  2:16  Drone  
  27  2:25  Drone  
  28  2:30  Overlord  
  28  2:32  Metabolic Boost  
  28  2:40  Overlord  
  28  2:49  Drone  
  28  2:50  Drone x2  
  31  2:55  Zergling x2  
  32  3:02  Pneumatized Carapace  
  32  3:11  Drone x3  
  35  3:18  Extractor  
  34  3:20  Drone x2  
  36  3:37  Drone  
  36  3:38  Drone x5  
  36  3:41  Hatchery  
  41  3:43  Lair  
  41  3:55  Drone x3  
  44  4:18  Overlord x3  
  44  4:19  Overlord x4  
  44  4:21  Extractor  
  44  4:23  Extractor  
  42  4:31  Evolution Chamber  
  41  4:43  Overseer  
  41  4:49  Drone x4  
  41  4:50  Drone x2  
  47  4:57  Zergling x4  
  47  4:58  Zergling x8  
  53  5:00  Zerg Melee Weapons Level 1  
  53  5:18  Spore Crawler  
  53  5:20  Spore Crawler  
  51  5:22  Queen, Spore Crawler  
  51  5:26  Spire  
  51  5:29  Hydralisk Den  
  51  5:31  Zergling x8, Spore Crawler  
  51  5:58  Drone x6  
  57  6:06  Lurker Den  
  56  6:25  Hydralisk x4  
  56  6:26  Hydralisk x4  
  72  6:33  Hydralisk x4  
  80  6:42  Drone  
  80  6:44  Infestation Pit, Muscular Augments  
  80  6:50  Evolution Chamber  
  80  6:52  Hydralisk  
  80  6:53  Overlord  
  81  6:54  Zerg Missile Weapons Level 1  
  81  7:01  Drone x2  
  81  7:02  Drone x2  
  81  7:03  Drone  
  81  7:05  Drone  
  87  7:11  Lurker x2  
  87  7:12  Lurker  
  89  7:17  Overseer  
  89  7:26  Mutalisk  
  91  7:35  Mutalisk  
  93  7:39  Extractor  
  93  7:40  Extractor  
  93  7:43  Drone, Zergling x4  
  93  7:44  Drone x6  
  97  7:45  Drone x4  
  104  7:55  Mutalisk  
  104  7:57  Overlord  
  104  7:58  Overlord  
  106  8:09  Hatchery  
  105  8:12  Hive  
  105  8:15  Zerg Ground Armor Level 1  
  102  8:29  Corruptor  
  102  8:31  Overlord  
  104  8:35  Spore Crawler  
  104  8:38  Spore Crawler x2  
  101  8:42  Corruptor  
  101  8:45  Spore Crawler  
  101  8:48  Spore Crawler  
  101  9:04  Corruptor x4  
  101  9:05  Drone  
  101  9:06  Drone  
  101  9:07  Drone  
  101  9:08  Drone  
  93  9:31  Corruptor x3  
  93  9:32  Corruptor  
  86  9:43  Zerg Flyer Armor Level 1  
  82  9:46  Corruptor  
  82  9:49  Drone  
  83  10:01  Hydralisk x3  
  89  10:07  Hydralisk x2  
  89  10:08  Zergling x2  
  94  10:20  Corruptor x2  
  92  10:23  Drone x3  
  95  10:29  Drone x3  
  95  10:30  Drone  
  95  10:32  Drone  
  100  10:37  Drone  
  100  10:38  Drone  
  102  10:43  Zerg Missile Weapons Level 2  
  102  10:47  Lurker x2  
  102  10:48  Lurker  
  105  10:50  Lurker  
  105  10:54  Spore Crawler  
  105  10:57  Seismic Spines  
  105  10:58  Drone, Overlord  
  105  11:00  Drone  
  105  11:01  Drone  
  108  11:06  Extractor, Drone x3  
  108  11:08  Extractor  
  108  11:09  Hydralisk  
  111  11:11  Hydralisk  
  111  11:14  Drone  
  111  11:15  Drone  
  115  11:24  Zerg Ground Armor Level 2  
  115  11:26  Drone x2  
  115  11:27  Drone x3  
  120  11:38  Zerg Flyer Weapons Level 1  
  120  11:41  Drone x2, Hydralisk x3  
  120  11:42  Hydralisk  
  120  11:46  Lurker  
  133  11:47  Lurker x2  
  133  11:51  Corruptor  
  133  11:53  Zergling x4  
  135  12:09  Corruptor x3  
  135  12:10  Corruptor  
  118  12:35  Hydralisk x4  
  118  12:36  Hydralisk, Corruptor x3  
  123  12:37  Corruptor  
  124  12:45  Lurker  
  124  12:51  Drone x5, Zergling x2  
  129  12:52  Zergling x8  
  129  12:58  Ultralisk Cavern  
  134  13:03  Overlord x2  
  134  13:04  Overlord x4  
  134  13:21  Queen  
  135  13:29  Corruptor x3  
  135  13:30  Hydralisk x2  
  135  13:31  Zerg Flyer Armor Level 2  
  135  13:32  Drone  
  135  13:33  Drone  
  135  13:34  Drone  
  148  13:35  Hatchery  
  148  13:38  Lurker x2  
  148  13:40  Lurker x2  
  136  14:13  Corruptor x5  
  136  14:14  Corruptor x2  
  146  14:19  Drone x3  
  146  14:20  Drone x2  
  151  14:28  Spore Crawler  
  151  14:30  Spore Crawler  
  149  14:41  Spore Crawler x2  
  141  14:58  Ultralisk x4  
  141  14:59  Zergling x8, Ultralisk  
  157  15:00  Zergling x6  
  158  15:08  Corruptor x2  
  158  15:13  Hydralisk x3  
  151  15:27  Corruptor  
  151  15:28  Corruptor x2  
  141  15:33  Corruptor  
  132  15:41  Corruptor  
  128  15:43  Drone x8  
  128  15:48  Corruptor  
  138  15:50  Drone x3  
  141  15:57  Spore Crawler  
  141  15:58  Spore Crawler  
  141  16:03  Drone x3  
  141  16:04  Spore Crawler, Corruptor  
  141  16:08  Corruptor  
  145  16:14  Corruptor  
  145  16:18  Corruptor  
  146  16:22  Spore Crawler  
  146  16:24  Spore Crawler, Corruptor  
  148  16:32  Corruptor  
  150  16:42  Corruptor  
  150  16:43  Corruptor  
  153  16:51  Corruptor  
  148  17:01  Corruptor  
  148  17:09  Corruptor  
  148  17:10  Drone x2  
  148  17:11  Drone, Zergling x10  
  148  17:12  Zergling x4  
  160  17:21  Overseer x4  
  160  17:30  Extractor  
  160  17:33  Hydralisk x2  
  160  17:34  Overlord  
  160  17:35  Zergling x4, Overlord  
  160  17:36  Drone x5  
  160  17:37  Drone x2  
  172  17:39  Extractor  
  172  17:40  Extractor  
  129  18:00  Hydralisk x2, Ultralisk  
  129  18:01  Hydralisk  
  129  18:02  Zergling x12  
  129  18:03  Zergling x4  
  134  18:11  Drone x5  
  130  18:28  Corruptor x3  
  130  18:29  Zergling x2  
  130  18:30  Drone x3, Zergling x4  
  142  18:39  Spore Crawler  
  142  18:40  Spore Crawler  
  140  18:54  Ultralisk x2  
  150  19:10  Corruptor x3  
  146  19:20  Corruptor  
  134  19:33  Drone x6, Extractor  
  134  19:34  Drone x2  
  127  19:42  Corruptor  
  122  19:49  Corruptor  
  118  19:53  Drone x2  
  118  19:54  Drone x2  
  112  20:07  Ultralisk  
  85  20:37  Drone x6  
  85  20:38  Drone x3  
  94  21:00  Zergling x2  
  95  21:10  Ultralisk  
  101  21:12  Drone  
  101  21:22  Ultralisk  
  107  21:29  Hatchery  
  106  21:38  Corruptor  
  106  21:46  Corruptor  
  104  21:56  Spore Crawler  
  104  21:58  Spore Crawler  
  104  22:00  Spore Crawler  
  101  22:01  Spore Crawler  
  101  22:04  Spore Crawler  
  104  22:10  Drone  
  104  22:11  Drone x3  
Show
View Real Time Build Order
Export as new Build Order

HawkCH Protoss - Winner!

Build Orders: 1 Gate Expand, Blink Stalkers 

Get SALT Encoding   

  12  0:00  Probe  
  13  0:12  Probe  
  14  0:17  Pylon  
  14  0:24  Probe  
  15  0:37  Probe  
  16  0:45  Gateway  
  16  0:49  Probe  
  17  0:52  Assimilator  
  17  1:03  Probe (Chrono Boost)  
  18  1:15  Probe (Chrono Boost)  
  19  1:25  Probe (Chrono Boost)  
  20  1:33  Probe  
  20  1:34  Nexus  
  21  1:45  Probe  
  22  1:54  Cybernetics Core  
  22  1:58  Probe  
  23  2:02  Pylon  
  23  2:20  Probe  
  24  2:29  Stalker (Chrono Boost)  
  24  2:33  Assimilator  
  24  2:34  Warp Gate  
  26  2:39  Assimilator  
  26  2:40  Probe  
  27  2:49  Probe  
  27  2:51  Stalker  
  30  2:58  Twilight Council  
  30  3:00  Probe  
  30  3:01  Probe  
  28  3:19  Probe x2  
  30  3:31  Probe x2 (Chrono Boost)  
  32  3:39  Blink (Chrono Boost)  
  32  3:40  Probe x2 (Chrono Boost)  
  34  3:45  Probe x2 (Chrono Boost)  
  36  3:57  Probe (Chrono Boost)  
  36  3:59  Pylon  
  38  4:03  Probe (Chrono Boost), Stalker  
  40  4:15  Probe  
  40  4:16  Probe  
  42  4:25  Gateway x2  
  42  4:28  Probe x2  
  44  4:35  Pylon x2  
  44  4:44  Probe x2, Pylon  
  46  4:53  Assimilator  
  46  4:56  Probe  
  47  5:06  Nexus  
  47  5:09  Pylon  
  47  5:19  Probe (Chrono Boost)  
  49  5:24  Stalker x3  
  49  5:25  Probe (Chrono Boost)  
  55  5:41  Gateway  
  55  5:42  Gateway  
  55  5:45  Gateway  
  55  5:47  Stalker  
  55  5:48  Stalker x2  
  61  5:52  Forge  
  61  5:55  Forge  
  61  6:01  Probe (Chrono Boost)  
  61  6:02  Probe (Chrono Boost)  
  63  6:11  Probe x2 (Chrono Boost)  
  65  6:12  Stalker x2  
  65  6:15  Probe (Chrono Boost)  
  70  6:20  Charge  
  70  6:23  Probe x2  
  72  6:27  Probe  
  72  6:28  Protoss Ground Weapons Level 1 (Chrono Boost)  
  71  6:35  Probe x2  
  71  6:38  Protoss Ground Armor Level 1 (Chrono Boost)  
  71  6:47  Zealot  
  71  6:48  Zealot x5  
  71  6:50  Probe  
  71  6:51  Probe  
  85  7:00  Templar Archives  
  85  7:03  Probe x2  
  87  7:13  Sentry x2  
  87  7:15  Probe  
  92  7:16  Probe x2  
  92  7:20  Zealot x3  
  100  7:26  Pylon x2  
  100  7:27  Pylon  
  100  7:41  Assimilator  
  100  7:42  Assimilator  
  100  7:45  Probe x2  
  100  7:46  Probe  
  100  7:47  Psionic Storm  
  100  7:51  High Templar x4  
  107  7:52  High Templar x2  
  113  8:13  Archon x2  
  113  8:14  Archon  
  89  8:28  Probe x3  
  89  8:32  Zealot x2  
  89  8:33  Zealot x4  
  104  8:40  Probe x2  
  106  8:44  Probe, Shield Battery  
  106  8:45  Shield Battery  
  107  8:52  Probe  
  107  8:55  Zealot x6  
  120  9:06  Probe  
  120  9:07  Probe x2  
  123  9:17  Zealot  
  83  9:35  Zealot x2  
  83  9:36  Zealot x3  
  75  9:51  Zealot  
  73  9:55  Pylon  
  73  9:56  Pylon  
  73  9:58  Stalker x5  
  81  10:09  Shield Battery  
  81  10:12  Photon Cannon  
  81  10:21  High Templar x4  
  83  10:22  High Templar x2  
  93  10:29  Protoss Ground Weapons Level 2 (Chrono Boost), Protoss Ground Armor Level 2 (Chrono Boost)  
  93  10:30  Robotics Facility  
  93  10:51  Gateway  
  93  10:57  Gateway  
  93  10:58  Gateway  
  93  10:59  Zealot x5  
  93  11:00  Zealot  
  93  11:03  Gateway  
  105  11:13  Pylon x2  
  105  11:17  Gateway x2  
  105  11:18  Gateway  
  105  11:22  Stalker  
  105  11:23  Stalker  
  105  11:24  Zealot x3  
  105  11:25  Zealot  
  117  11:33  Observer (Chrono Boost)  
  118  11:44  Stalker  
  118  11:45  Stalker x5  
  118  11:46  Observer (Chrono Boost), Stalker  
  132  11:52  Nexus  
  133  11:55  Pylon  
  111  12:45  Immortal (Chrono Boost)  
  111  12:46  Probe x3  
  111  12:49  Stalker x7  
  111  12:50  Stalker x6  
  144  12:56  Pylon x3  
  144  12:58  Probe x3  
  147  13:05  Assimilator  
  147  13:13  High Templar  
  147  13:14  High Templar x7, Assimilator  
  147  13:15  High Templar x3  
  169  13:24  Archon x4  
  169  13:25  Archon  
  169  13:42  Dark Shrine  
  160  14:17  Pylon  
  147  15:09  Archon  
  85  15:21  Zealot x3  
  85  15:22  Zealot x7  
  85  15:23  Zealot x3  
  107  15:33  Probe  
  96  15:42  Protoss Ground Armor Level 3, Immortal (Chrono Boost), Protoss Ground Weapons Level 3  
  96  15:45  Probe  
  101  15:50  Robotics Facility  
  101  15:52  Robotics Facility  
  101  16:03  Stalker x3  
  101  16:04  Stalker x6  
  102  16:05  Stalker x3  
  102  16:06  Stalker  
  111  16:28  Zealot x5  
  111  16:29  Zealot  
  111  16:30  Zealot x3  
  121  16:39  Dark Templar x2  
  125  16:40  Dark Templar x2, Immortal x2 (Chrono Boost)  
  125  16:41  Immortal (Chrono Boost)  
  125  16:43  Observer  
  141  16:59  Zealot  
  141  17:00  Zealot x2  
  147  17:12  Immortal  
  147  17:13  Immortal  
  147  17:14  Nexus  
  155  17:15  Warp Prism  
  155  17:16  Nexus  
  154  17:49  Stalker x3  
  154  17:50  Stalker x4  
  154  17:51  Stalker x2  
  90  18:09  Zealot x3  
  88  18:26  Zealot  
  90  18:27  Zealot  
  92  18:53  Pylon  
  92  19:01  Probe x3  
  95  19:35  Immortal x2  
  95  19:37  Nexus  
  103  19:41  Assimilator  
  103  19:42  Assimilator  
  103  19:53  High Templar x3  
  79  20:30  Zealot  
  79  20:31  Zealot x6  
  79  20:32  Zealot x5  
  79  20:35  High Templar  
  103  21:00  Pylon, Dark Templar x4  
  103  21:01  Dark Templar x2  
  115  21:35  Immortal x2  
  123  21:44  Stalker x4  
  131  21:59  Assimilator x2  
  131  22:03  Photon Cannon  
  131  22:04  Photon Cannon  
Show
View Real Time Build Order
Export as new Build Order

SidyCH Terran - Winner!

Build Orders: Banshee Rush 

Get SALT Encoding   

  12  0:00  SCV  
  13  0:12  SCV  
  14  0:19  Supply Depot  
  14  0:24  SCV  
  15  0:40  SCV  
  16  0:43  Barracks  
  16  0:46  Refinery  
  16  0:53  SCV  
  17  1:05  SCV  
  17  1:06  Refinery  
  18  1:24  SCV  
  19  1:34  Marine  
  19  1:36  Orbital Command  
  20  1:47  Factory  
  20  1:53  Marine  
  21  1:58  Supply Depot  
  21  2:03  SCV  
  22  2:11  Marine  
  23  2:20  SCV  
  24  2:32  SCV  
  24  2:33  Factory Tech Lab  
  24  2:34  Starport  
  24  2:35  Marine  
  26  2:46  SCV  
  26  2:51  Command Center  
  27  2:58  SCV, Marine  
  29  3:23  Marine  
  29  3:25  SCV  
  31  3:28  Starport  
  31  3:30  Cloaking Field  
  31  3:32  Factory Tech Lab  
  31  3:41  Supply Depot  
  31  3:58  Refinery  
  31  4:00  SCV  
  31  4:01  Refinery  
  31  4:03  Banshee  
  31  4:07  Marine  
  33  4:16  SCV  
  34  4:21  Orbital Command  
  34  4:26  Banshee  
  34  4:28  SCV, Hyperflight Rotors  
  38  4:37  Supply Depot x2  
  38  4:40  SCV  
  38  4:43  Marine  
  38  4:44  Orbital Command  
  40  4:45  Banshee  
  43  4:53  SCV  
  44  5:09  Banshee  
  44  5:10  SCV x2  
  49  5:23  SCV x2  
  51  5:32  Command Center  
  51  5:54  SCV  
  51  5:55  SCV  
  51  5:56  Fusion Core  
  53  6:21  SCV x2  
  52  6:34  SCV x2  
  54  6:40  Command Center  
  54  6:44  Barracks Tech Lab  
  54  6:45  Starport, Orbital Command  
  54  6:46  Starport, SCV  
  55  6:50  Weapon Refit  
  55  6:53  SCV  
  56  6:54  Armory  
  56  6:56  Battlecruiser  
  56  6:58  SCV  
  63  7:06  Battlecruiser  
  69  7:23  SCV x2  
  69  7:24  SCV  
  72  7:34  Starport Tech Lab, Supply Depot x2  
  72  7:41  SCV  
  72  7:42  SCV  
  75  7:45  Terran Ship Weapons Level 1  
  75  7:47  Armory  
  75  7:55  Orbital Command  
  74  8:00  Battlecruiser  
  74  8:04  Orbital Command  
  80  8:09  Command Center  
  80  8:11  Supply Depot  
  80  8:14  Refinery, Supply Depot  
  80  8:21  Refinery  
  80  8:32  Battlecruiser  
  86  8:51  Battlecruiser  
  92  9:03  SCV x2  
  92  9:04  SCV  
  92  9:09  Battlecruiser  
  70  10:25  Orbital Command  
  70  10:28  Battlecruiser x3  
  85  10:30  Starport Tech Lab  
  85  10:44  SCV x2  
  85  10:45  SCV x2  
  95  10:50  Battlecruiser  
  95  10:54  Terran Ship Weapons Level 2  
  95  10:55  Terran Vehicle And Ship Armor Level 1  
  95  11:00  SCV x4  
  99  11:06  SCV  
  100  11:12  SCV x2  
  102  11:28  Command Center  
  102  11:32  Battlecruiser x2  
  114  11:37  Command Center  
  114  11:51  Engineering Bay, Battlecruiser  
  119  11:59  Orbital Command  
  91  12:26  SCV x2  
  91  12:27  SCV x2  
  95  12:38  Battlecruiser x2  
  107  12:45  SCV x2  
  107  12:46  SCV x2  
  107  12:48  Planetary Fortress  
  111  12:52  Missile Turret  
  111  12:53  Planetary Fortress  
  111  13:13  Refinery  
  111  13:16  Battlecruiser  
  117  13:29  Refinery  
  117  13:36  Battlecruiser  
  117  13:41  Missile Turret  
  111  14:17  SCV x3  
  111  14:18  Battlecruiser x2  
  111  14:22  SCV  
  111  14:23  SCV  
  128  14:29  SCV x3  
  131  14:36  Missile Turret  
  131  14:38  SCV x2  
  131  14:41  SCV x3  
  136  14:51  Battlecruiser x2  
  148  14:53  Missile Turret  
  148  14:54  Missile Turret  
  148  15:01  Refinery  
  148  15:02  Refinery  
  142  15:22  Battlecruiser x2  
  142  15:55  Battlecruiser x2  
  154  16:26  Battlecruiser  
  154  16:27  Battlecruiser  
  150  16:59  Battlecruiser x2  
  150  17:09  SCV x3  
  150  17:10  SCV  
  150  17:13  SCV  
  155  17:22  SCV x4  
  159  17:34  Supply Depot x2  
  159  17:36  Supply Depot  
  159  17:37  Supply Depot  
  159  17:38  Supply Depot  
  159  17:56  Battlecruiser  
  159  18:00  Battlecruiser  
  159  18:04  Battlecruiser  
  141  18:13  Battlecruiser  
  147  18:42  Refinery  
  147  18:51  Command Center  
  147  19:00  Battlecruiser  
  153  19:04  Battlecruiser  
  153  19:29  Battlecruiser  
  153  19:30  Battlecruiser  
  123  20:05  Battlecruiser  
  111  20:19  Battlecruiser  
  117  20:36  Battlecruiser  
  123  20:59  Battlecruiser  
  129  21:24  Battlecruiser  
Tags
 
Add a new tag
Caveats
  • Supply blocks, unpowered buildings, or Contaminate may cause inaccurate times.
  • Supply counts are checked every 10 seconds.